 Dungeon Crawl Stone Soup version 0.29-a0-337-g68df138881 (webtiles) character file.

Game seed: 18377572057218002165

148 Agony the Skirmisher (level 5, -6/47 HPs)
             Began as a Hill Orc Fighter on Apr 17, 2022.
             Mangled by a gnoll
             ... wielding a +0 spear
              (9 damage)
             ... on level 3 of the Dungeon.
             The game lasted 00:05:55 (2416 turns).

Agony the Skirmisher (Hill Orc Fighter)             Turns: 2416, Time: 00:05:55

Health: -6/47      AC:  7    Str: 21    XL:     5   Next: 30%
Magic:  5/5        EV:  9    Int:  8    God:
Gold:   131        SH:  4    Dex: 10    Spells: 4/4 levels left

rFire   . . .      SeeInvis .   a - +0 war axe (protect)
rCold   . . .      Faith    .   c - +0 buckler
rNeg    . . .      Spirit   .   b - +0 scale mail
rPois   .          Reflect  .   (no helmet)
rElec   .          Harm     .   (no cloak)
rCorr   .          Rampage  .   (no gloves)
Will    .....                   (no boots)
Stlth   ..........              (no amulet)
HPRegen 0.15/turn               (no ring)
MPRegen 0.09/turn               (no ring)

@: no status effects
A: no striking features
a: no special abilities


You were on level 3 of the Dungeon.
You visited 1 branch of the dungeon, and saw 3 of its levels.

You collected 131 gold pieces.

Inventory:

Hand Weapons
 a - a +0 war axe of protection (weapon)
Armour
 b - a +0 scale mail (worn)
 c - a +0 buckler (worn)
 m - a +2 pair of gloves
Jewellery
 f - a ring of protection from fire
 j - an amulet of magic regeneration
 o - a ring of wizardry
Scrolls
 e - 2 scrolls of enchant armour {unknown}
 k - a scroll of amnesia {unknown}
Potions
 d - a potion of might
 g - a potion of heal wounds
 h - a potion of invisibility {unknown}
 i - a potion of lignification {unknown}
 l - 3 potions of cancellation {unknown}
 n - a potion of attraction {unknown}


   Skills:
 + Level 4.6 Fighting
 + Level 4.1 Axes
 + Level 4.2 Armour
 + Level 4.3 Shields


You had 4 spell levels left.
You didn't know any spells.
Your spell library contained the following spells:

 Spells                   Type           Power      Damage    Failure   Level
 Summon Forest            Summ/Tloc      0%         N/A       100%        5
 Summon Mana Viper        Hex/Summ       0%         N/A       100%        5
 Summon Cactus Giant      Summ           0%         N/A       100%        6


Dungeon Overview and Level Annotations

Branches:
Dungeon (3/15)

Altars:
Nemelex Xobeh


Message History

A gnoll comes into view. It is wielding a +0 spear.
A gnoll comes into view. It is wielding a +0 halberd.
The gnoll shouts!
You hear a shout!
A gnoll comes into view. It is wielding a +0 flail.
The gnoll completely misses you.
The gnoll drinks a potion.
The gnoll seems to grow stronger.
The gnoll hits you with a +0 spear!
You hit the gnoll.
Your weapon exudes an aura of protection.
The gnoll is lightly wounded.
The gnoll closely misses you. The gnoll hits you with a +0 spear!
You completely miss the gnoll.
The gnoll is lightly wounded.
The gnoll closely misses you. The gnoll hits you but does no damage.
You block the gnoll's attack.
You closely miss the gnoll.
The gnoll is lightly wounded.
You slash the gnoll! The gnoll hits you but does no damage.
The gnoll hits you with a +0 flail. The gnoll barely misses you. x2
You barely miss the gnoll.
The gnoll is lightly wounded.
You slash the gnoll!
You kill the gnoll!
The gnoll completely misses you. The gnoll closely misses you.
You hit the gnoll.
The gnoll is moderately wounded.
The gnoll hits you from afar with a +0 halberd!
* * * LOW HITPOINT WARNING * * *
The gnoll hits you but does no damage. The gnoll attacks as you move away!
The gnoll hits you but does no damage. The gnoll closely misses you.
You block the gnoll's attack. The gnoll barely misses you.
The gnoll hits you from afar with a +0 halberd!
* * * LOW HITPOINT WARNING * * *
There is a stone staircase leading down, spattered with blood here.
You can't go up here!
Unknown command.
You block the gnoll's attack. x2
The gnoll hits you from afar with a +0 spear!
You die...

#.#.#.#.#
#.....#.#
#.###..##.#
#.......#.#
#######.#.#
#.#.# #.)g#
###g.#
#.@.>#
#.#### #.
#. .. #. ##


You could see 2 gnolls.

Vanquished Creatures
  5 gnolls
  3 adders
  3 worms (D:2)
  A dart slug (D:3)
  An orc (D:3)
  5 ball pythons
  4 endoplasms
  4 giant cockroaches
  6 goblins
  7 hobgoblins
  5 jackals
  3 bats
  6 frilled lizards
  4 kobolds (D:1)
  6 rats
63 creatures vanquished.

Vanquished Creatures (others)
  A butterfly (D:3)
1 creature vanquished.

Grand Total: 64 creatures vanquished

Notes
Turn   | Place    | Note
-------+----------+-------------------------------------------
     0 | D:1      | Agony the Hill Orc Fighter began the quest for the Orb.
     0 | D:1      | Reached XP level 1. HP: 19/19 MP: 1/1
   164 | D:1      | Reached XP level 2. HP: 27/27 MP: 2/2
   877 | D:1      | Reached XP level 3. HP: 33/33 MP: 3/3
  1066 | D:2      | Reached XP level 4. HP: 26/40 MP: 4/4
  1413 | D:2      | Found a sparkling altar of Nemelex Xobeh.
  1889 | D:2      | Found a faded altar of an unknown god.
  2189 | D:3      | Reached XP level 5. HP: 43/47 MP: 5/5
  2416 | D:3      | Mangled by a gnoll

Illustrated notes

Levels and vault maps discovered:
D:1:      dpeg_arrival_simpleton_c, layout_basic
D:2:      layout_basic, basic_ecumenical_altar, basic_altar,
          minmay_misc_feat_hallway
D:3:      layout_basic, nicolae_elyvilon_peaceful_grove, minitemple

Skill      XL: |  1  2  3  4 |
---------------+-------------+-----
Axes           | 3 4 |  4.1
Fighting       | 4 |  4.6
Shields        | 4 |  4.3
Armour         | 4 |  4.2

Action                   |  1- 3 |  4- 6 || total
-------------------------+-------+-------++-------
Melee: War axe           |    68 |    83 ||   151
  Use: Scroll            |     4 |       ||     4
Armor: Scale mail        |    39 |    55 ||    94
Dodge: Dodged            |    25 |    48 ||    73
Block: Buckler           |    23 |    27 ||    50

Table legend: (Time is in decaauts)
 A = Elapsed time spent in this place.
 B = Non-inter-level travel time spent in this place.
 C = Inter-level travel time spent in this place.
 D = Time resting spent in this place.
 E = Time spent auto-exploring this place.
 F = Levels seen in this place.
 G = Mean time per level.
                   A        B        C        D        E       F      G
               +--------+--------+--------+--------+--------+-----+--------+
         Total |   2470 |   2457 |     13 |    100 |   1814 |   3 |  823.3 |
       Dungeon |   2470 |   2457 |     13 |    100 |   1814 |   3 |  823.3 |
               +--------+--------+--------+--------+--------+-----+--------+

Top non-repeatable levels by time:
     D:2: 1134 daAuts
     D:1: 1068 daAuts
     D:3: 268 daAuts
